 Dungeon Crawl Stone Soup version 0.27.0-66-gdc8fb28755 (webtiles) character file.

Game seed: 18299425321534146118

59 horus123 the Shield-Bearer (level 4, 0/35 HPs)
             Began as a Human Fighter on Aug 20, 2021.
             Slain by Natasha (2 damage)
             ... on level 2 of the Dungeon.
             The game lasted 00:03:51 (1821 turns).

horus123 the Shield-Bearer (Human Fighter)          Turns: 1821, Time: 00:03:51

Health: 0/35       AC:  3    Str: 17    XL:     4   Next: 22%
Magic:  4/4        EV:  9    Int:  8    God:
Gold:   79         SH: 10    Dex: 13    Spells: 3/3 levels left

rFire    . . .     SeeInvis .   a - +0 trident
rCold    . . .     Faith    .   c - +1 kite shield
rNeg     . . .     Spirit   .   n - +0 leather armour
rPois    .         Reflect  .   (no helmet)
rElec    .         Harm     .   (no cloak)
rCorr    .         Rampage  .   (no gloves)
Will     .....                  (no boots)
Stlth    +.........             (no amulet)
HPRegen  0.11/turn              (no ring)
MPRegen  0.09/turn              (no ring)

@: no status effects
A: no striking features
a: no special abilities


You were on level 2 of the Dungeon.
You visited 1 branch of the dungeon, and saw 2 of its levels.

You collected 79 gold pieces.

Inventory:

Hand Weapons
 a - a +0 trident (weapon)
 f - a +2 dagger of speed
Armour
 c - a +1 kite shield (worn)
 n - a +0 leather armour (worn)
Scrolls
 e - 2 scrolls of noise
Potions
 b - a potion of berserk rage {unknown}
 d - a potion of might
 g - a potion of flight
 i - a potion of cancellation {unknown}
 k - a potion of curing {unknown}
 m - a potion of heal wounds {unknown}


   Skills:
 * Level 3.4 Fighting
 + Level 2.7 Polearms
 + Level 3.2 Armour
 + Level 0.5 Dodging
 + Level 0.4 Stealth
 + Level 3.4 Shields


You had 3 spell levels left.
You didn't know any spells.
Your spell library contained the following spells:

 Spells                   Type           Power      Damage    Failure   Level
 Dazzling Flash           Conj/Hex       0%         N/A       100%        3
 Agony                    Necr           0%         N/A       100%        5
 Silence                  Hex/Air        0%         N/A       100%        5


Dungeon Overview and Level Annotations

Branches:
Dungeon (2/15)

Altars:

Annotations:
D:2 Natasha


Message History

You barely miss the hobgoblin. You block the hobgoblin's attack.
You hit the hobgoblin but do no damage. You block the hobgoblin's attack.
You hit the hobgoblin.
The hobgoblin is heavily wounded.
You block the hobgoblin's attack. The hobgoblin hits you.
You puncture the hobgoblin!
You kill the hobgoblin!
The kobold throws a stone.
You block the stone.
The kobold throws a stone.
The stone closely misses you. You block the kobold's attack.
You see here a hobgoblin corpse.
You hit the kobold but do no damage. The kobold hits you with a +0 dagger.
You hit the kobold.
The kobold is severely wounded.
The kobold barely misses you.
You puncture the kobold!
You kill the kobold!
Things that are here:
a +0 dagger; 5 stones; a kobold corpse
Found a stone staircase leading down.
b - a fuming emerald potion Natasha, Servant of Life and Death comes into view.
Natasha hisses angrily.
Natasha drinks a potion.
Natasha flickers and vanishes!
Deactivating autopickup; reactivate with Ctrl-A.
No target in view!
The crimson imp shouts, "Slither hence, thou odious idle-headed hedge-pig!"
You hear some strange, mumbled words.
Something tries to affect you, but you resist.
The crimson imp shouts, "Slither home, thou gorbellied weevil-witted slabber!"
Something claws you.
You puncture something! Something claws you! Something claws you.
You barely miss something. Something claws you!
You puncture something! Something claws you!
* * * LOW HITPOINT WARNING * * *
You hear some strange, mumbled words.
You closely miss something. Something claws you.
* * * LOW HITPOINT WARNING * * *
You barely miss something. Something claws you.
You die...

#......#
#.†.# #...
##)#########.
#)#.........
###
#.#.########
#l.
#.#........#
#5#
#...######.#
#5# ##### #.#
#{# #.# #@#
#.# #.# #.#
#.# ####.#
#.# #.....
#.#### #.....
#....# #.....
####.# #####.
#.# ## #.#


You could see a crimson imp (summoned), a shadow imp (summoned) and a frilled
lizard (wandering).

Vanquished Creatures
  An adder (D:2)
  A worm (D:2)
  2 dart slugs (D:2)
  An endoplasm (D:1)
  A giant cockroach (D:2)
  3 goblins
  5 hobgoblins
  9 jackals
  3 kobolds
  3 quokkas
  4 ball pythons (D:2)
  A bat (D:1)
  A frilled lizard (D:2)
  2 rats (D:2)
37 creatures vanquished.

Notes
Turn   | Place    | Note
-------+----------+-------------------------------------------
     0 | D:1      | horus123 the Human Fighter began the quest for the Orb.
     0 | D:1      | Reached XP level 1. HP: 18/18 MP: 1/1
     2 | D:1      | Noticed a gargoyle
     4 | D:1      | Noticed a vampire
     4 | D:1      | Noticed a formicid
     6 | D:1      | Noticed an elf
     6 | D:1      | Noticed a barachi
     8 | D:1      | Noticed a spriggan
     8 | D:1      | Noticed a human
    10 | D:1      | Noticed a troll
    12 | D:1      | Noticed a tengu
    12 | D:1      | Noticed a felid
    14 | D:1      | Noticed a palentonga
    14 | D:1      | Noticed a vine stalker
    16 | D:1      | Noticed an octopode
    16 | D:1      | Noticed an ogre
    18 | D:1      | Noticed a minotaur
    18 | D:1      | Noticed a demigod
    20 | D:1      | Noticed a draconian
    20 | D:1      | Noticed a merfolk
    22 | D:1      | Noticed a demonspawn
    22 | D:1      | Noticed a naga
    25 | D:1      | Noticed a ghoul
    25 | D:1      | Noticed a dwarf
    27 | D:1      | Noticed a djinni
   161 | D:1      | Reached XP level 2. HP: 21/24 MP: 2/2
   670 | D:1      | Reached XP level 3. HP: 29/29 MP: 3/3
  1433 | D:2      | Reached XP level 4. HP: 35/35 MP: 4/4
  1811 | D:2      | Noticed Natasha
  1821 | D:2      | Slain by Natasha

Illustrated notes

Levels and vault maps discovered:
D:1:      kb_arrival_jail, layout_basic, hangedman_decor_clover_reticule
D:2:      minmay_spotlight, layout_basic, uniq_natasha

Action                   |  1- 3 |  4- 6 || total
-------------------------+-------+-------++-------
Melee: Trident           |    97 |    33 ||   130
  Use: Scroll            |     1 |     3 ||     4
Armor: Scale mail        |    46 |     5 ||    51
       Leather armour    |       |     2 ||     2
Dodge: Dodged            |    34 |     4 ||    38
Block: Kite shield       |    51 |    13 ||    64
